Map: Traitor's Exile

Players

Badger

  • Race: Terran Terran
  • League: Platinum
  • Spawn Location: 5:00

Zakkatakis

  • Race: Protoss Protoss
  • League: Gold
  • Spawn Location: 6:00

MonstroTown - Winner!

  • Race: Terran Terran
  • Spawn Location: 9:00

Michael - Winner!

  • Race: Zerg Zerg
  • League: Gold
  • Spawn Location: 12:00

VOD

Have the link to the VOD?

Description

Time

  • Played on: Oct. 6, 2018, 6:28 p.m.
  • Length: 13:28
Show
View Real Time Build Order
Export as new Build Order

Badger Terran 

Build Orders:  

Get SALT Encoding   

  12  0:01  SCV  
  13  0:14  SCV  
  13  0:18  Supply Depot  
  14  0:26  SCV  
  15  0:40  SCV  
  15  0:42  Barracks  
  16  0:52  SCV  
  17  0:57  Refinery  
  17  1:08  SCV  
  18  1:20  SCV  
  19  1:33  SCV  
  20  1:40  Barracks Reactor  
  20  1:45  Orbital Command  
  20  1:57  Command Center  
  20  2:00  Supply Depot  
  20  2:12  Refinery  
  20  2:20  Factory, Marine x2  
  22  2:25  SCV  
  23  2:37  SCV, Barracks  
  24  2:49  SCV, Marine x2  
  27  3:07  Marine x2  
  27  3:24  SCV x2  
  27  3:26  Starport  
  29  3:28  Supply Depot  
  29  3:36  SCV  
  28  3:44  Hellion  
  28  3:45  Hellion  
  30  3:54  Barracks Tech Lab, Barracks Reactor  
  19  4:14  Hellion x2  
  22  4:20  Marine  
  22  4:23  SCV  
  24  4:35  SCV  
  24  4:38  Marine  
  26  4:46  Hellion x2  
  26  4:47  SCV  
  31  4:53  Marine x2, Factory  
  31  4:56  Orbital Command, Marine  
  31  4:59  SCV  
  35  5:11  SCV  
  36  5:16  Marine x3  
  39  5:22  SCV  
  39  5:23  SCV  
  39  5:25  Starport Reactor  
  41  5:34  SCV  
  42  5:35  SCV  
  42  5:42  Hellion x2  
  47  5:46  Barracks Tech Lab, SCV  
  47  5:48  SCV  
  49  5:51  Refinery  
  49  5:54  Supply Depot  
  49  5:58  SCV  
  49  6:00  Infernal Pre-Igniter  
  50  6:05  Marine  
  51  6:17  Liberator x2  
  51  6:18  SCV x2  
  51  6:30  SCV x2  
  53  6:37  Marine x3  
  62  6:56  Barracks  
  62  7:03  Supply Depot  
  62  7:20  Supply Depot x2  
  62  7:25  Siege Tank, SCV x2, Marine, Hellion  
  70  7:30  Refinery  
  70  7:41  SCV x2, Marine x2  
  70  7:43  Supply Depot x2, Barracks Reactor  
  74  7:44  Supply Depot  
  74  7:52  Engineering Bay  
  74  7:53  SCV x2  
  74  7:56  Liberator x2  
  76  8:05  SCV  
  77  8:17  Starport  
  83  8:22  Marine x3  
  83  8:23  Marauder  
  88  8:43  Widow Mine, Hellion  
  88  8:44  Widow Mine  
  94  8:50  Armory  
  94  9:04  Widow Mine  
  94  9:07  Command Center  
  43  9:53  Liberator x2  
  43  10:00  Starport Reactor  
  43  10:01  Marine x5  
  54  10:19  Starport, Marine x4  
  54  10:20  Marauder  
  60  10:21  Starport  
  60  10:28  Liberator x2  
  60  10:35  Smart Servos, Liberator  
  60  10:36  Marine x2, Liberator  
  60  10:37  Marine x2  
  60  10:41  Marauder  
  66  10:48  Liberator x2, Terran Ship Weapons Level 1  
  72  10:54  Marine x3  
  72  10:55  Marine  
  82  11:02  Marauder  
  84  11:10  Liberator  
  90  11:24  Marauder  
  80  11:28  Liberator x3  
  59  11:46  Marine  
  69  11:47  Marine x4  
  73  12:04  Marine x2  
  73  12:05  Marine x3  
  78  12:09  Widow Mine  
  78  12:12  Widow Mine  
  82  12:22  Marine x3  
Show
View Real Time Build Order
Export as new Build Order

Zakkatakis Protoss 

Build Orders: 1 Gate Expand 

Get SALT Encoding   

  12  0:00  Probe  
  13  0:13  Probe  
  14  0:19  Pylon  
  14  0:25  Probe  
  15  0:30  Assimilator  
  15  0:37  Probe  
  16  0:47  Probe  
  16  0:48  Gateway  
  16  0:55  Probe  
  18  1:05  Probe  
  19  1:18  Probe  
  21  1:37  Nexus  
  20  1:48  Cybernetics Core  
  20  1:51  Probe  
  21  1:54  Assimilator  
  21  2:02  Pylon  
  21  2:03  Probe  
  22  2:17  Probe  
  22  2:19  Stalker  
  23  2:29  Warp Gate  
  23  2:46  Probe  
  22  2:53  Stalker  
  22  2:54  Probe  
  24  2:58  Probe, Twilight Council  
  24  3:04  Probe  
  27  3:14  Stalker  
  28  3:31  Gateway  
  28  3:33  Gateway  
  28  3:53  Stalker  
  30  4:00  Blink  
  30  4:13  Pylon  
  30  4:15  Gateway  
  30  4:17  Pylon  
  30  4:35  Probe  
  30  4:37  Stalker x2  
  35  4:47  Probe  
  36  4:59  Probe  
  37  5:07  Nexus  
  37  5:16  Probe  
  38  5:28  Probe  
  38  5:32  Pylon  
  39  5:36  Probe, Pylon  
  40  5:45  Probe  
  40  5:48  Stalker  
  43  5:50  Stalker  
  45  6:01  Forge  
  45  6:09  Probe  
  46  6:21  Probe  
  45  6:33  Probe  
  45  6:35  Probe  
  45  6:39  Robotics Facility  
  47  6:41  Photon Cannon  
  47  6:45  Probe  
  48  6:47  Probe  
  48  6:52  Pylon  
  49  6:57  Probe  
  49  6:59  Probe  
  51  7:10  Zealot x4  
  51  7:14  Protoss Ground Weapons Level 1  
  59  7:17  Probe  
  59  7:18  Probe  
  61  7:34  Immortal, Nexus  
  61  7:40  Probe x2  
  67  7:52  Probe x2  
  67  7:56  Assimilator  
  69  8:03  Immortal  
  69  8:07  Charge  
  69  8:13  Probe x2  
  69  8:19  Assimilator, Pylon  
  75  8:35  Observer  
  75  8:37  Robotics Facility  
  75  8:40  Pylon  
  76  8:51  Shield Battery  
  76  8:53  Probe x2, Photon Cannon  
  76  8:54  Probe  
  76  8:55  Pylon  
  65  9:10  Immortal  
  65  9:23  Zealot x4  
  77  9:29  Stargate  
  77  9:32  Stargate  
  62  9:47  Zealot x4  
  70  9:56  Immortal, Robotics Bay  
  70  9:58  Probe x3  
  77  10:21  Phoenix x2  
  81  10:22  Forge  
  81  10:30  Probe x3  
  84  10:39  Stalker x3  
  90  10:43  Probe x2  
  90  10:44  Probe  
  93  11:02  Void Ray  
  93  11:03  Void Ray  
  101  11:14  Probe  
  101  11:15  Probe x2  
  101  11:17  Stalker  
  106  11:18  Stalker  
  96  11:40  Stalker x3  
  96  11:41  Observer  
  100  11:50  Probe x3  
  100  11:52  Assimilator  
  103  11:59  Assimilator  
  103  12:09  Void Ray x2  
  103  12:15  Nexus  
  89  12:53  Zealot x2  
  89  12:54  Zealot x2  
  95  13:10  Probe x3  
Show
View Real Time Build Order
Export as new Build Order

MonstroTown Terran - Winner!

Build Orders:  

Get SALT Encoding   

  12  0:00  SCV  
  13  0:13  SCV  
  14  0:19  Supply Depot  
  14  0:25  SCV  
  15  0:40  SCV  
  15  0:42  Barracks  
  16  0:45  Barracks  
  16  0:49  Refinery  
  16  0:53  SCV  
  17  1:05  SCV  
  17  1:08  Refinery  
  18  1:15  Barracks  
  18  1:21  SCV  
  19  1:34  SCV  
  19  1:38  Reaper  
  21  1:42  Supply Depot  
  21  1:54  Orbital Command  
  21  2:03  Reaper  
  22  2:10  Reaper  
  23  2:20  Factory  
  23  2:32  SCV  
  23  2:35  Reaper  
  25  2:42  Reaper  
  25  2:44  SCV  
  26  3:07  Reaper  
  27  3:15  Reaper  
  28  3:29  Factory Tech Lab  
  28  3:31  Command Center  
  28  3:32  Starport  
  27  3:39  Reaper  
  25  4:10  Siege Tank, Reaper  
  25  4:14  SCV  
  29  4:34  Marine  
  30  4:40  Engineering Bay x2  
  30  4:42  Reaper  
  30  4:43  Barracks x2  
  30  4:45  Supply Depot  
  31  4:46  Supply Depot  
  31  5:00  Barracks Tech Lab  
  31  5:07  Starport Reactor  
  31  5:14  Marine  
  32  5:19  Marauder  
  32  5:20  Siege Tank  
  37  5:22  Stimpack  
  37  5:23  Orbital Command  
  37  5:31  SCV  
  37  5:35  Refinery  
  38  5:36  Barracks Reactor  
  38  5:37  Marine  
  39  5:55  Siege Tank  
  42  5:59  SCV x2  
  44  6:04  Marine x2  
  46  6:11  SCV x2  
  46  6:13  Missile Turret  
  46  6:16  Marine  
  49  6:23  SCV  
  50  6:36  Sensor Tower  
  50  6:37  Marine x2  
  52  6:41  Terran Infantry Weapons Level 1  
  52  6:43  SCV  
  52  6:46  SCV  
  54  6:53  Supply Depot  
  54  6:55  Marauder  
  54  6:59  SCV  
  54  7:00  SCV  
  58  7:12  Medivac  
  58  7:14  Marine x4  
  64  7:16  SCV, Marine  
  64  7:17  SCV  
  67  7:28  Supply Depot  
  67  7:29  SCV x2  
  69  7:35  Marine  
  70  7:49  Siege Tank, SCV x2  
  75  8:03  Marine x3  
  78  8:13  Supply Depot  
  78  8:15  Supply Depot  
  78  8:16  Supply Depot, SCV x2, Marine x2  
  78  8:17  Medivac x2  
  86  8:24  Terran Infantry Armor Level 1  
  86  8:30  Armory  
  86  8:34  Marine  
  86  8:35  SCV x2  
  89  8:45  Refinery  
  89  8:47  SCV x2  
  91  8:52  Command Center  
  91  8:59  SCV  
  92  9:03  Medivac x2  
  67  9:50  Marine x5  
  67  9:52  Viking x2  
  72  10:08  Marine  
  72  10:13  Marine  
  72  10:14  Marine x2  
  73  10:15  Marine  
  75  10:21  Terran Infantry Weapons Level 2, Barracks  
  75  10:22  Barracks, Viking  
  75  10:24  Orbital Command  
  75  10:25  Marine, Barracks  
  75  10:27  Barracks  
  78  10:31  Marine  
  78  10:33  Marine  
  78  10:34  Marine  
  81  10:41  Viking  
  82  10:52  Viking  
  82  10:55  Marine  
  82  10:56  Marine x3  
  88  11:08  SCV x2  
  88  11:10  SCV  
  88  11:11  Missile Turret, Barracks  
  91  11:13  Barracks  
  91  11:15  Barracks  
  91  11:16  Supply Depot  
  81  11:34  Marine x5  
  81  11:35  Marine x3  
  81  11:37  Sensor Tower  
  89  11:44  Medivac x2  
  89  11:45  SCV x3  
  96  11:52  Marine x6  
  96  11:53  Marine x2  
  101  12:02  Barracks Reactor x3  
  101  12:09  Marine  
  101  12:10  Marine x2  
  101  12:11  Marine x2  
  101  12:12  Marine  
  101  12:14  Medivac  
  109  12:19  Marine x2  
  111  12:27  Marine x2  
  111  12:28  Marine  
  111  12:29  Marine x3  
  117  12:37  Marine  
  100  12:54  Marine x2  
  100  12:55  Marine x7  
  100  12:56  Marine x4  
  106  13:05  Marine  
Show
View Real Time Build Order
Export as new Build Order

Michael Zerg - Winner!

Build Orders: Pool First 

Get SALT Encoding   

  12  0:01  Drone  
  13  0:13  Overlord  
  13  0:18  Drone  
  14  0:31  Drone x2  
  17  0:35  Drone  
  17  0:38  Extractor  
  16  0:46  Drone  
  17  0:53  Spawning Pool  
  17  0:56  Drone  
  17  1:07  Drone  
  18  1:27  Hatchery  
  18  1:30  Drone  
  18  1:43  Queen  
  20  1:51  Metabolic Boost  
  20  1:56  Zergling x2  
  20  1:59  Zergling x2  
  22  2:07  Overlord  
  22  2:27  Queen  
  24  2:31  Drone x3  
  27  2:47  Zergling x4  
  29  2:55  Zergling x8  
  31  3:29  Drone x4  
  34  3:52  Drone  
  34  3:54  Overlord x3  
  35  3:57  Lair  
  35  4:01  Queen  
  35  4:02  Extractor, Roach Warren  
  35  4:30  Drone x4  
  39  4:32  Drone  
  39  4:33  Drone x3, Evolution Chamber  
  39  4:38  Burrow  
  38  4:49  Roach x3  
  38  4:50  Roach  
  47  4:53  Roach  
  47  5:04  Zerg Ground Armor Level 1  
  47  5:05  Drone x3  
  50  5:08  Drone  
  50  5:10  Drone  
  52  5:15  Roach  
  52  5:16  Roach  
  52  5:19  Overlord  
  56  5:23  Drone  
  56  5:26  Overlord  
  57  5:31  Glial Reconstitution  
  57  5:35  Spore Crawler  
  56  5:49  Hydralisk Den  
  55  5:54  Hatchery  
  54  6:00  Drone x3  
  54  6:04  Extractor x2  
  56  6:05  Drone x4  
  56  6:07  Drone  
  60  6:12  Spore Crawler  
  59  6:22  Muscular Augments  
  56  6:38  Drone x8  
  64  6:45  Spore Crawler  
  64  6:46  Spine Crawler x2  
  61  6:48  Spine Crawler, Drone  
  61  6:50  Drone  
  61  6:52  Drone  
  63  6:55  Overlord  
  63  7:01  Zerg Missile Weapons Level 1  
  63  7:09  Infestation Pit  
  63  7:11  Spore Crawler  
  63  7:12  Spine Crawler, Roach  
  62  7:22  Roach x3  
  68  7:23  Roach  
  68  7:28  Queen  
  72  7:30  Drone  
  72  7:31  Drone  
  72  7:33  Drone  
  75  7:48  Roach x6  
  75  7:50  Overlord  
  87  7:54  Overlord  
  86  8:03  Spore Crawler x2  
  80  8:06  Spore Crawler  
  80  8:11  Hydralisk x2  
  83  8:18  Spore Crawler  
  82  8:23  Drone x2  
  82  8:24  Spore Crawler, Drone x2  
  82  8:25  Drone  
  82  8:26  Drone  
  87  8:29  Drone  
  87  8:30  Drone  
  89  8:45  Grooved Spines  
  89  8:48  Drone x2  
  91  8:52  Queen  
  91  8:55  Zerg Ground Armor Level 2  
  93  8:58  Hydralisk  
  93  9:00  Hydralisk  
  97  9:03  Overlord  
  97  9:06  Overlord  
  97  9:26  Hive  
  97  9:27  Pneumatized Carapace  
  97  9:28  Queen  
  97  9:30  Hydralisk x3  
  105  9:31  Hydralisk  
  107  9:58  Hydralisk x5  
  117  10:06  Hydralisk  
  115  10:07  Hydralisk  
  115  10:12  Roach  
  115  10:13  Zergling x2  
  115  10:14  Zergling x4  
  122  10:15  Overlord x5  
  122  10:32  Hydralisk x3  
  128  10:36  Zergling x16  
  128  10:37  Zergling x2  
  125  10:57  Hydralisk x4  
  133  11:05  Hydralisk x2  
  135  11:22  Hydralisk x2  
  113  11:41  Hydralisk x3  
  113  11:42  Hydralisk  
  113  11:43  Zergling x6  
  113  11:44  Zergling x4  
  122  11:54  Hydralisk  
  122  11:55  Hatchery, Hydralisk  
  122  12:00  Hatchery  
  124  12:04  Hatchery  
  123  12:09  Drone  
  123  12:10  Drone x3  
  123  12:11  Drone x2  
  118  12:43  Hydralisk x2  
  118  12:44  Hydralisk x6  
  124  13:02  Hydralisk x3  
  130  13:15  Drone x8  
  130  13:16  Drone  
  139  13:20  Extractor  
  139  13:21  Extractor  
Tags
 
Add a new tag
Caveats
  • Supply blocks, unpowered buildings, or Contaminate may cause inaccurate times.
  • Supply counts are checked every 10 seconds.